 Dungeon Crawl Stone Soup version 0.27-a0-978-g2aa4ecdaef (webtiles) character file.

Game seed: 13300150962738176603

665 HendSelp the Chiller (level 7, -12/55 HPs)
             Began as a Naga Ice Elementalist on Apr 14, 2021.
             Mangled by an ogre
             ... wielding a +0 giant club
              (26 damage)
             ... on level 5 of the Dungeon.
             The game lasted 00:08:48 (6784 turns).

HendSelp the Chiller (Naga Ice Elementalist)        Turns: 6784, Time: 00:08:48

Health: -12/55     AC:  6    Str: 10    XL:     7   Next: 57%
Magic:  11/15      EV:  9    Int: 18    God:
Gold:   145        SH:  0    Dex: 11    Spells: 12/16 levels left

rFire    . . .     SeeInvis +   q - +2 dagger "Viodam" {pain, rElec}
rCold    + . .     Faith    .   (no shield)
rNeg     . . .     Spirit   .   g - +2 leather armour {rC+}
rPois    +         Reflect  .   (no helmet)
rElec    +         Harm     .   m - +0 cloak
rCorr    +         Rampage  .   (no gloves)
Will     .....                  (no barding)
Stlth    ++........             (no amulet)
HPRegen  0.18/turn              a - ring of resist corrosion
MPRegen  0.14/turn              (no ring)

@: freezing walls, very slow
A: AC +2, large, see invisible, deformed body, poison resistance, slowness 2,
spit poison 1, naga tail 1
a: Spit Poison


You were on level 5 of the Dungeon.
You visited 1 branch of the dungeon, and saw 5 of its levels.

You collected 145 gold pieces.

Inventory:

Hand Weapons
 q - the +2 dagger "Viodam" (weapon) {pain, rElec}
   (You found it on level 5 of the Dungeon)

   In the hands of one skilled in necromantic magic, it inflicts extra damage on
   living creatures.
   It insulates you from electricity.
Missiles
 c - 5 curare-tipped darts
 l - 4 silver boomerangs
Armour
 g - a +2 leather armour of cold resistance (worn)
 m - a +0 cloak (worn)
Jewellery
 a - a ring of resist corrosion (left hand)
Scrolls
 b - 4 scrolls of teleportation
 e - a scroll of immolation
Potions
 d - 2 potions of ambrosia
 f - a potion of might
 h - a potion of haste
 i - a potion of resistance
 j - a potion of mutation {unknown}
 k - 2 potions of attraction
 n - 2 potions of heal wounds
 o - 3 potions of lignification {unknown}
 p - a potion of curing {unknown}


   Skills:
 - Level 0.6 Armour
 - Level 1.5 Dodging
 - Level 3.0 Stealth
 + Level 5.4 Spellcasting
 + Level 6.9 Ice Magic


You had 12 spell levels left.
You knew the following spells:

 Your Spells              Type           Power      Damage    Failure   Level
a - Freeze                Ice            100%       1d11      1%          1
b - Frozen Ramparts       Ice            58%        1d7       3%          3

Your spell library contained the following spells:

 Spells                   Type           Power      Damage    Failure   Level
 Ozocubu's Armour         Ice            29%        N/A       3%          3
 Animate Skeleton         Necr           8%         N/A       17%         1
 Pain                     Necr           16%        1d4       17%         1
 Hailstorm                Conj/Ice       17%        3d6       38%         4
 Vampiric Draining        Necr           2%         2d6       45%         3
 Metabolic Englaciation   Hex/Ice        8%         N/A       75%         5
 Animate Dead             Necr           2%         N/A       86%         4
 Agony                    Necr           4%         N/A       99%         5


Dungeon Overview and Level Annotations

Branches:
Dungeon (5/15)
 Temple: D:4-7

Altars:
Cheibriados
Fedhas
Qazlal
Wu Jian
The Shining One


Innate Abilities, Weirdness & Mutations

Your serpentine skin is tough. (AC +2)
You have supernaturally acute eyesight. (SInv)
Armour fits poorly on your strangely shaped body.
Your system is resistant to poisons. (rPois)
You cover ground very slowly.
You can spit poison.
You have a snake-like lower body.


Message History

A gnoll comes into view. It is wielding a +0 whip.
The gnoll shouts!
Found a spear.
There are monsters nearby!
You can't see any susceptible monsters within range! (Use Z to cast anyway.)
You can't see any susceptible monsters within range! (Use Z to cast anyway.)
The ogre shouts!
The gnoll shouts!
Found a robe.
There are monsters nearby!
There are monsters nearby!
You hit the gnoll.
The gnoll is lightly wounded.
The gnoll hits you but does no damage.
You freeze the gnoll.
The gnoll is moderately wounded.
The gnoll hits you from afar with a +0 halberd!
The gnoll closely misses you. The gnoll hits you with a +0 whip.
You hit the gnoll.
The gnoll is heavily wounded.
The gnoll hits you from afar with a +0 halberd.
The gnoll hits you with a +0 whip. x2; The ogre closely misses you.
Casting: Freeze (safe; 1% risk of failure)
Confirm with . or Enter, or press ? or * to list all spells.
You don't know that spell.
Casting: Freeze (safe; 1% risk of failure)
Confirm with . or Enter, or press ? or * to list all spells.
Casting: Frozen Ramparts (dangerous; 3% risk of failure)
Press: ? - help, Dir - look around, f - activate The walls around you are covered in ice.
The wall freezes the gnoll!
The gnoll barely misses you.
The gnoll hits you from afar with a +0 halberd.
The wall freezes the gnoll.
The gnoll misses you.
The wall freezes the gnoll!
Unknown command.
The gnoll hits you from afar with a +0 halberd!
* * * LOW HITPOINT WARNING * * *
The wall freezes the gnoll.
You kill the gnoll!
The wall freezes the ogre!
The ogre hits you with a +0 giant club!!
You die...

# #.....##...............#
#(....##.#.............# #
..#.....##.#######.....######
...'.....'............>......#
...#.....##.##########..####.#
..###.....##.#
.....###........ # #.....##.#
..)..'..........
########.##O....###........
#..@g....# ##.......
####)g...# #..#####
[........... .....####...#
....... ..... ########.#....


You could see an ogre and 2 gnolls.

Vanquished Creatures
  A bullfrog (D:3)
  A scorpion (D:4)
  3 hounds (D:4)
  3 orc priests
  A centaur skeleton (D:4)
  An iguana (D:5)
  2 orc wizards
  6 gnolls
  7 adders
  A shadow imp (D:5)
  An adder skeleton (D:5)
  4 worms (D:2)
  A dart slug (D:1)
  16 orcs
  3 bats
  4 endoplasms (D:1)
  A giant cockroach (D:2)
  17 goblins
  6 hobgoblins
  9 jackals (D:3)
  15 kobolds
  2 quokkas
  8 ball pythons
  5 frilled lizards
  2 rats (D:3)
120 creatures vanquished.

Vanquished Creatures (others)
  11 fungi (D:3)
  5 plants
16 creatures vanquished.

Grand Total: 136 creatures vanquished

Notes
Turn   | Place    | Note
-------+----------+-------------------------------------------
     0 | D:1      | HendSelp the Naga Ice Elementalist began the quest for the
                  | Orb.
     0 | D:1      | Reached XP level 1. HP: 15/15 MP: 3/3
   232 | D:1      | Reached XP level 2. HP: 18/22 MP: 1/5
   794 | D:1      | Found a faded altar of an unknown god.
  1279 | D:2      | Reached XP level 3. HP: 22/28 MP: 3/6
  2152 | D:2      | Reached XP level 4. HP: 7/36 MP: 3/8
  2405 | D:2      | Reached skill level 5 in Ice Magic
  3186 | D:2      | Learned a level 3 spell: Frozen Ramparts
  3313 | D:3      | Found a snail-covered altar of Cheibriados.
  3413 | D:3      | Noticed a bullfrog
  3423 | D:3      | Killed a bullfrog
  3424 | D:3      | Reached XP level 5. HP: 38/42 MP: 5/10
  3468 | D:3      | Found a stormy altar of Qazlal.
  4369 | D:3      | Found a blossoming altar of Fedhas.
  4414 | D:3      | Reached XP level 6. HP: 44/49 MP: 5/11
  4736 | D:4      | Reached skill level 6 in Ice Magic
  5334 | D:4      | Reached XP level 7. HP: 55/55 MP: 11/14
  5433 | D:4      | Found an ornate altar of the Wu Jian Council.
  5660 | D:4      | Reached skill level 5 in Spellcasting
  6008 | D:4      | Found a glowing golden altar of the Shining One.
  6322 | D:5      | Entered Level 5 of the Dungeon
  6546 | D:5      | Identified the +2 dagger "Viodam" {pain, rElec}
  6784 | D:5      | Mangled by an ogre

Illustrated notes

Levels and vault maps discovered:
D:1:      shiori_shiawase, layout_basic, shapermc_ecumenical_altar_venn,
          minmay_bisected
D:2:      kennysheep_the_goblin_king, layout_loops_corners,
          hangedman_decor_push, minmay_shallow_snake_nest
D:3:      minmay_chambers_of_threes, layout_basic, lemuel_crystal_altar,
          fedhas_altar_3, cheibriados_altar_1, portal_sewer_entry_e
D:4:      layout_basic, lemuel_crystal_altar, nicolae_tso_swordbearing_angel
D:5:      layout_basic, serial_glass, glass_columns_a, glass_columns_a,
          uniq_ijyb

Skill      XL: |  1  2  3  4  5  6  7 |
---------------+----------------------+-----
Ice Magic      | 5 6 |  6.9
Spellcasting   | 3 4 5 |  5.4
Armour         | |  0.6
Dodging        | |  1.5
Stealth        | |  3.0

Action                   |  1- 3 |  4- 6 |  7- 9 || total
-------------------------+-------+-------+-------++-------
Melee: Unarmed           |    30 |    50 |    31 ||   111
       Dagger            |       |       |    10 ||    10
 Cast: Freeze            |    49 |    51 |    60 ||   160
       Frozen Ramparts   |       |    10 |     3 ||    13
 Abil: Spit Poison       |     4 |     5 |       ||     9
  Use: Scroll            |     2 |     7 |     1 ||    10
       Potion            |     1 |       |       ||     1
 Stab: Sleeping          |     1 |     1 |       ||     2
Armor: Leather armour    |     9 |    68 |    65 ||   142
       Robe              |     3 |       |       ||     3
Dodge: Dodged            |    27 |    98 |    70 ||   195

Table legend: (Time is in decaauts)
 A = Elapsed time spent in this place.
 B = Non-inter-level travel time spent in this place.
 C = Inter-level travel time spent in this place.
 D = Time resting spent in this place.
 E = Time spent auto-exploring this place.
 F = Levels seen in this place.
 G = Mean time per level.
                   A        B        C        D        E       F      G
               +--------+--------+--------+--------+--------+-----+--------+
         Total |   8009 |   7733 |    276 |    306 |   6559 |   5 | 1601.8 |
       Dungeon |   8009 |   7733 |    276 |    306 |   6559 |   5 | 1601.8 |
               +--------+--------+--------+--------+--------+-----+--------+

Top non-repeatable levels by time:
     D:2: 2380 daAuts
     D:3: 1999 daAuts
     D:4: 1624 daAuts
     D:1: 1468 daAuts
     D:5: 537 daAuts
